 Dungeon Crawl Stone Soup version 0.26-a0-651-gb41185065b (webtiles) character file.

Game seed: 12549419222602413802

1092 kae the Grappler (level 8, 0/59 HPs)
             Began as a Yellow Draconian Transmuter on Oct 8, 2020.
             Succumbed to a gnoll sergeant's poison
             ... on level 5 of the Dungeon.
             The game lasted 00:05:00 (5569 turns).

kae the Grappler (Yellow Draconian Transmuter)      Turns: 5569, Time: 00:05:01

Health: 0/59       AC:  2    Str: 15    XL:     8   Next: 9%
Magic:  18/20      EV: 19    Int: 13    God:
Gold:   229        SH:  0    Dex: 17    Spells: 5/11 levels left

rFire    . . .     SeeInvis +     - Unarmed
rCold    . . .     Faith    .   (shield currently unavailable)
rNeg     . . .     Spirit   .   (armour unavailable)
rPois    x         Reflect  .   (helmet currently unavailable)
rElec    .         Harm     .   (cloak currently unavailable)
rCorr    .         Rampage  .   (gloves currently unavailable)
MR       .....                  (boots currently unavailable)
Stlth    ++........             (no amulet)
HPRegen  0.19/turn              e - ring of magical power
MPRegen  0.17/turn              i - ring of see invisible

@: brilliant, lethally poisoned (0 -> -12), spider-form
A: tiny, (spit acid), unfitting armour, AC +6
a: End Transformation


You were on level 5 of the Dungeon.
You were a venomous arachnid creature.
You visited 1 branch of the dungeon, and saw 6 of its levels.

You collected 229 gold pieces.

Inventory:

Jewellery
 e - a ring of magical power (left front leg)
 i - a ring of see invisible (right front leg)
Wands
 h - a wand of iceblast (5)
Scrolls
 a - 2 scrolls of fog
 c - 2 scrolls of identify
 d - 3 scrolls of remove curse
 f - 2 scrolls of teleportation
 j - 2 scrolls of immolation
 k - 4 scrolls of blinking
 l - a scroll of enchant armour
 m - a scroll of amnesia
Potions
 b - 2 potions of degeneration
 g - a potion of magic
 o - a potion of brilliance


   Skills:
 - Level 1.1 Fighting
 - Level 1.7 Dodging
 * Level 8.4 Unarmed Combat
 - Level 2.0 Spellcasting
 + Level 5.7 Transmutations


You had 5 spell levels left.
You knew the following spells:

 Your Spells              Type           Power        Failure   Level
a - Beastly Appendage     Tmut           ###...       9%          1
b - Wereblood             Tmut           ###.....     12%         2
c - Spider Form           Tmut/Pois      ##........   45%         3

Your spell library contained the following spells:

 Spells                   Type           Power        Failure   Level
 Freeze                   Ice            #...         47%         1
 Corpse Rot               Necr/Air       N/A          58%         2
 Blade Hands              Tmut           ###.......   75%         5
 Frozen Ramparts          Ice            #.....       78%         3
 Ozocubu's Armour         Ice            #.......     78%         3
 Stone Arrow              Conj/Erth      #.....       78%         3
 Ice Form                 Ice/Tmut       ##......     80%         4
 Hailstorm                Conj/Ice       #.......     98%         4
 Summon Ice Beast         Ice/Summ       #.......     98%         4
 Summon Forest            Summ/Tloc      #.........   100%        5
 Hydra Form               Tmut           ###.......   99%         6
 Eringya's Noxious Bog    Tmut/Pois      ##........   100%        6
 Summon Hydra             Summ           #.........   100%        7


Dungeon Overview and Level Annotations

Branches:
Dungeon (6/15)             Temple (0/1) D:5

Altars:
Hepliaklqana

Annotations:
D:5 3 runed translucent doors, Irenicus's ghost, novice DDGl


Innate Abilities, Weirdness & Mutations

((You can spit globs of acid.))
((Your golden yellow scales are hard. (AC +6)))
You cannot fit into any form of body armour.
((You are cold-blooded and may be slowed by cold attacks.))
((You are resistant to acid. (rCorr)))


Message History

There is a lethal amount of poison in your body!
Okay, then.
Okay, then.
Casting: Spider Form (dangerous; 24% risk of failure)
Confirm with . or Enter, or press ? or * to list all spells.
You feel a surge of power!
You turn into a venomous arachnid creature.
* * * LOW HITPOINT WARNING * * *
You feel sick.
* * * LOW HITPOINT WARNING * * *
You feel sick.
There is a lethal amount of poison in your body!
There is a lethal amount of poison in your body!
* * * LOW HITPOINT WARNING * * *
You feel sick.
* * * LOW HITPOINT WARNING * * *
You feel sick.
* * * LOW HITPOINT WARNING * * *
You feel sick.
You die...

.............[...............##.#
.....#..####..###.#..<....##..#.#
...........................##.#.#
......#######.....###...##......#
.......#####.).#.#####.######.#.#
........).##..#......#.## ##.#.#
.....#.##.#...#......#..####..[..
.....#..#)).#....................
................s......)#...#.>.#
########......##..##......###...#
.......#......###........###....#
..###..#.#..#.# #........##..#...
..###..#.##...# #...........##.##
.....?.#.##...######.##.....##.##
..###$.#.##.#..# ###........##.#
..###..#..#.##.###....##....##.#
..WY)..#....##.....#.###.....#.##


There were no monsters in sight!

Vanquished Creatures
  Sigmund (D:2)
  2 ogres
  A phantom (D:3)
  A gnoll sergeant (D:6)
  A howler monkey (D:4)
  4 orc priests
  2 hounds (D:4)
  6 orc wizards
  3 gnolls (D:4)
  4 adders
  An ufetubus (D:6)
  An ooze (D:1)
  4 worms
  5 dart slugs
  4 leopard geckos
  30 orcs
  2 ball pythons
  4 giant cockroaches
  13 goblins
  5 hobgoblins
  4 jackals
  A quokka (D:5)
  4 bats
  10 frilled lizards
  4 kobolds
  A leopard gecko skeleton (D:3)
  A leopard gecko zombie (D:4)
  A quokka zombie (D:5)
  10 rats
130 creatures vanquished.

Notes
Turn   | Place    | Note
-------+----------+-------------------------------------------
     0 | D:1      | kae the Draconian Transmuter began the quest for the Orb.
     0 | D:1      | Reached XP level 1. HP: 16/16 MP: 3/3
   395 | D:1      | Reached XP level 2. HP: 23/23 MP: 5/5
   399 | D:1      | Learned a level 2 spell: Wereblood
  1061 | D:2      | Reached XP level 3. HP: 18/28 MP: 5/6
  1245 | D:2      | Found a faded altar of an unknown god.
  1316 | D:2      | Reached skill level 4 in Unarmed Combat
  1713 | D:2      | Reached XP level 4. HP: 35/35 MP: 7/7
  1748 | D:2      | Noticed Sigmund
  2105 | D:2      | Learned a level 3 spell: Spider Form
  2120 | D:2      | Killed Sigmund
  2120 | D:2      | Reached skill level 5 in Unarmed Combat
  2120 | D:2      | Reached XP level 5. HP: 40/40 MP: 8/8
  2695 | D:3      | Reached XP level 6. HP: 36/47 MP: 9/9
  2973 | D:3      | Reached skill level 6 in Unarmed Combat
  3467 | D:4      | Your scales start taking on a golden yellow colour.
  3467 | D:4      | Reached XP level 7. HP: 52/52 MP: 10/10
  3467 | D:4      | Gained mutation: You are resistant to acid. (rCorr) [Yellow
                  | Draconian growth]
  3602 | D:4      | Reached skill level 7 in Unarmed Combat
  3758 | D:4      | Reached skill level 5 in Transmutations
  4172 | D:4      | Found a hazy altar of Hepliaklqana.
  4688 | D:5      | Entered Level 5 of the Dungeon
  4796 | D:5      | Noticed a yak
  4826 | D:5      | Noticed Irenicus's ghost (novice DDGl)
  5059 | D:5      | Reached skill level 8 in Unarmed Combat
  5246 | D:5      | Reached XP level 8. HP: 55/59 MP: 11/11
  5314 | D:5      | Found a runed translucent gate.
  5314 | D:5      | Found a runed translucent gate.
  5339 | D:5      | Found a runed translucent gate.
  5368 | D:5      | Found a staircase to the Ecumenical Temple.
  5566 | D:5      | HP: 2/59 [poisoned by a gnoll sergeant]
  5569 | D:5      | Succumbed to a gnoll sergeant's poison

Illustrated notes

Levels and vault maps discovered:
D:1:      evilmike_arrival_plus, layout_basic, corexii_item_surrounded_by_moat
D:2:      layout_loops_ring, chequers_ecumenical_altar_twisty, uniq_sigmund
D:3:      layout_basic
D:4:      layout_basic, kennysheep_mini_moat, minmay_cut_off
D:5:      layout_rooms, minmay_temple_entry_statues_pillars,
          gammafunk_ghost_split, minmay_ogre_servants
D:6:      layout_basic, uniq_maggie

Skill      XL: |  1  2  3  4  5  6  7 |
---------------+----------------------+-----
Unarmed Combat | 4 5 6 8 |  8.4
Transmutations | 3 4 5 |  5.7
Fighting       | |  1.1
Dodging        | |  1.7
Spellcasting   | |  2.0

Action                   |  1- 3 |  4- 6 |  7- 9 || total
-------------------------+-------+-------+-------++-------
Melee: Unarmed           |   105 |    98 |   137 ||   340
       Headbutt          |    11 |     8 |    13 ||    32
       Tailslap          |     6 |     4 |     9 ||    19
       Kick              |    15 |    14 |     9 ||    38
       Punch             |     2 |     1 |       ||     3
 Cast: Beastly Appendage |    20 |    14 |    14 ||    48
       Wereblood         |     1 |     1 |     3 ||     5
       Spider Form       |       |     4 |     8 ||    12
 Abil: Breathe Acid      |       |       |     4 ||     4
  Use: Scroll            |     5 |     6 |     3 ||    14
       Potion            |       |     5 |     2 ||     7
 Stab: Sleeping          |       |       |     1 ||     1
Armor: Skin              |    23 |    46 |    25 ||    94
Dodge: Dodged            |    68 |    94 |   101 ||   263

Table legend: (Time is in decaauts)
 A = Elapsed time spent in this place.
 B = Non-inter-level travel time spent in this place.
 C = Inter-level travel time spent in this place.
 D = Time resting spent in this place.
 E = Time spent auto-exploring this place.
 F = Levels seen in this place.
 G = Mean time per level.
                   A        B        C        D        E       F      G
               +--------+--------+--------+--------+--------+-----+--------+
         Total |   5533 |   5308 |    225 |   1054 |   3391 |   6 |  922.2 |
       Dungeon |   5533 |   5308 |    225 |   1054 |   3391 |   6 |  922.2 |
               +--------+--------+--------+--------+--------+-----+--------+

Top non-repeatable levels by time:
     D:4: 1279 daAuts
     D:1: 1261 daAuts
     D:2: 1076 daAuts
     D:3: 1070 daAuts
     D:5: 723 daAuts
     D:6: 122 daAuts
